| TOP OF THE 1ST |
|
Minnesota (NYP) Twins batting - Pitching for Mahoning Valley Scrappers : RHP Mike Staley
|
|
Pitching: RHP Mike Staley
|
|
|
Batting: RHB Fhil Mikrakin
|
0-0: Foul Ball, location: 2F 0-1: Fly out, F8 (Flyball, 8RD, EV 78.1 MPH)
|
|
Batting: RHB Chris Bejarano
|
0-0: Ball 1-0: Called Strike 1-1: Ball 2-1: Ball 3-1: Fly out, F8 (Flyball, 8RD, EV 98.8 MPH)
|
|
Batting: RHB Steve Raine
|
0-0: Ball 1-0: Foul Ball, location: 2F 1-1: Ball 2-1: DOUBLE (Flyball, 8RXD, EV 114.4 MPH)
|
|
Batting: LHB Marvin Shepherd
|
0-0: Ball 1-0: Ball 2-0: Foul Ball, location: 2F 2-1: Ball 3-1: TRIPLE (Flyball, 78XD, EV 91.2 MPH) Steve Raine scores
|
|
Batting: LHB Ben Roth
|
0-0: Ball 1-0: Foul Ball, location: 2F 1-1: Foul Ball, location: 2F 1-2: Strikes out swinging wild pitch, reaches first! Marvin Shepherd scores
|
|
Batting: RHB Alexandre Garcia
|
0-0: Ball 1-0: Ball Ben Roth steals 2nd base 2-0: Fly out, F9 (Flyball, 9S, EV 85.6 MPH)
|
| Top of the 1st over - 2 runs, 2 hits, 0 errors, 1 left on base; Minnesota (NYP) 2 - Mahoning Valley 0 |
| BOTTOM OF THE 1ST |
|
Mahoning Valley Scrappers batting - Pitching for Minnesota (NYP) Twins : LHP Bobby Shaw
|
|
Pitching: LHP Bobby Shaw
|
|
|
Batting: RHB Chris Folse
|
0-0: Called Strike 0-1: Ball 1-1: Called Strike 1-2: Ground out 4-3 (Groundball, 4M, EV 106.2 MPH)
|
|
Batting: LHB Matt Steinke
|
0-0: Called Strike 0-1: Ball 1-1: Ball 2-1: Foul Ball, location: 2F 2-2: Ball 3-2: SINGLE (Groundball, 4S, EV 97.5 MPH)
|
|
Batting: RHB Kevin Wiles
|
0-0: Ball 1-0: DOUBLE (Line Drive, 9LM, EV 112.5 MPH) Matt Steinke to third
|
|
Batting: RHB Jose Argueta
|
0-0: Ball 1-0: Called Strike 1-1: Called Strike 1-2: Ball 2-2: Foul Ball, location: 2F 2-2: Ball 3-2: Ground out 6-3 (Groundball, 6, EV 86.9 MPH) Matt Steinke scores
|
|
Batting: LHB Dave Key
|
0-0: Called Strike 0-1: Fly out, F8 (Flyball, 8RD, EV 93.1 MPH)
|
| Bottom of the 1st over - 1 run, 2 hits, 0 errors, 1 left on base; Minnesota (NYP) 2 - Mahoning Valley 1 |
| TOP OF THE 2ND |
|
Minnesota (NYP) Twins batting - Pitching for Mahoning Valley Scrappers : RHP Mike Staley
|
|
Batting: LHB Jose Hilario
|
0-0: SINGLE (Groundball, 56D, EV 96.2 MPH)
|
|
Batting: RHB Fernando Bravo
|
0-0: SINGLE (Groundball, 56, EV 108.8 MPH) Jose Hilario to second
|
|
Batting: SHB Juan Aguilar
|
0-0: Swinging Strike 0-1: Foul Ball, location: 2F 0-2: Foul Ball, location: 2F 0-2: Foul Ball, location: 2F 0-2: Ball 1-2: Ball Balk! Jose Hilario to third Fernando Bravo to second 2-2: Foul Ball, location: 2F 2-2: Strikes out looking
|
|
Batting: RHB Fhil Mikrakin
|
0-0: Ball 1-0: Called Strike 1-1: Swinging Strike 1-2: Strikes out swinging
|
|
Batting: RHB Chris Bejarano
|
0-0: Ground out 6-3 (Groundball, 6, EV 96.9 MPH)
|
| Top of the 2nd over - 0 runs, 2 hits, 0 errors, 2 left on base; Minnesota (NYP) 2 - Mahoning Valley 1 |
| BOTTOM OF THE 2ND |
|
Mahoning Valley Scrappers batting - Pitching for Minnesota (NYP) Twins : LHP Bobby Shaw
|
|
Batting: LHB Brandon Hopper
|
0-0: Ball 1-0: Foul Ball, location: 2F 1-1: Foul Ball, location: 2F 1-2: Ball 2-2: Fly out, F8 (Flyball, 8LM, EV 88.1 MPH)
|
|
Batting: SHB Justin Veatch
|
0-0: Fly out, F7 (Flyball, 78M, EV 79.4 MPH)
|
|
Batting: SHB Travis Burnett
|
0-0: Ground out 4-3 (Groundball, 4MD, EV 103.8 MPH)
|
| Bottom of the 2nd over - 0 runs, 0 hits, 0 errors, 0 left on base; Minnesota (NYP) 2 - Mahoning Valley 1 |
| TOP OF THE 3RD |
|
Minnesota (NYP) Twins batting - Pitching for Mahoning Valley Scrappers : RHP Mike Staley
|
|
Batting: RHB Steve Raine
|
0-0: Called Strike 0-1: Ball 1-1: Foul Ball, location: 2F 1-2: Ball 2-2: Foul Ball, location: 2F 2-2: Ground out 6-3 (Groundball, 56, EV 102.5 MPH)
|
|
Batting: LHB Marvin Shepherd
|
0-0: Called Strike 0-1: Ground out 4-3 (Groundball, 4, EV 105.6 MPH)
|
|
Batting: LHB Ben Roth
|
0-0: Called Strike 0-1: Ground out 5-3 (Groundball, 56, EV 87.5 MPH)
|
| Top of the 3rd over - 0 runs, 0 hits, 0 errors, 0 left on base; Minnesota (NYP) 2 - Mahoning Valley 1 |
| BOTTOM OF THE 3RD |
|
Mahoning Valley Scrappers batting - Pitching for Minnesota (NYP) Twins : LHP Bobby Shaw
|
|
Batting: RHB Jaquan Brown
|
0-0: Ball 1-0: SINGLE (Groundball, 3D, EV 103.8 MPH)
|
|
Batting: RHB Chris Folse
|
0-0: Fly out, F9 (Flyball, 89XD, EV 91.2 MPH)
|
|
Batting: LHB Matt Steinke
|
0-0: Ball 1-0: Ball Jaquan Brown is caught stealing 2nd base 2-6 2-0: Ground out 4-3 (Groundball, 4, EV 108.1 MPH)
|
| Bottom of the 3rd over - 0 runs, 1 hit, 0 errors, 0 left on base; Minnesota (NYP) 2 - Mahoning Valley 1 |
| TOP OF THE 4TH |
|
Minnesota (NYP) Twins batting - Pitching for Mahoning Valley Scrappers : RHP Mike Staley
|
|
Batting: RHB Alexandre Garcia
|
0-0: Ball 1-0: Ball 2-0: Ball 3-0: Called Strike 3-1: Base on Balls
|
|
Batting: LHB Jose Hilario
|
0-0: Ball 1-0: Called Strike Alexandre Garcia steals 2nd base 1-1: TRIPLE (Groundball, 5L, EV 99.4 MPH) Alexandre Garcia scores
|
|
Batting: RHB Fernando Bravo
|
0-0: Ground out 5-3 (Groundball, 5, EV 101.9 MPH)
|
|
Batting: SHB Juan Aguilar
|
0-0: Called Strike 0-1: Called Strike 0-2: Strikes out swinging
|
|
Batting: RHB Fhil Mikrakin
|
0-0: Called Strike 0-1: Ball 1-1: Ground out 5-3 (Groundball, 5, EV 90.6 MPH)
|
| Top of the 4th over - 1 run, 1 hit, 0 errors, 1 left on base; Minnesota (NYP) 3 - Mahoning Valley 1 |
| BOTTOM OF THE 4TH |
|
Mahoning Valley Scrappers batting - Pitching for Minnesota (NYP) Twins : LHP Bobby Shaw
|
|
Batting: RHB Kevin Wiles
|
0-0: Swinging Strike 0-1: Ball 1-1: Ball 2-1: Fly out, F9 (Flyball, 9LM, EV 90.0 MPH)
|
|
Batting: RHB Jose Argueta
|
0-0: DOUBLE (Line Drive, 7LM, EV 104.4 MPH)
|
|
Batting: LHB Dave Key
|
0-0: Hit by Pitch
|
|
Batting: LHB Brandon Hopper
|
0-0: Ball 1-0: Ball 2-0: Called Strike 2-1: Swinging Strike 2-2: Strikes out swinging
|
|
Batting: SHB Justin Veatch
|
0-0: Foul Ball, location: 2F 0-1: Ball 1-1: Swinging Strike 1-2: Foul Ball, location: 2F 1-2: Ball 2-2: Foul Ball, location: 2F 2-2: Ball 3-2: Strikes out swinging
|
| Bottom of the 4th over - 0 runs, 1 hit, 0 errors, 2 left on base; Minnesota (NYP) 3 - Mahoning Valley 1 |
| TOP OF THE 5TH |
|
Minnesota (NYP) Twins batting - Pitching for Mahoning Valley Scrappers : RHP Mike Staley
|
|
Batting: RHB Chris Bejarano
|
0-0: Foul Ball, location: 2F 0-1: Ball 1-1: Called Strike 1-2: Ball 2-2: Ball 3-2: Strikes out looking
|
|
Batting: RHB Steve Raine
|
0-0: Ground out 4-3 (Groundball, 34D, EV 104.4 MPH)
|
|
Batting: LHB Marvin Shepherd
|
0-0: Foul Ball, location: 2F 0-1: Swinging Strike 0-2: Ball 1-2: Ball 2-2: Ball 3-2: Hit by Pitch
|
|
Batting: LHB Ben Roth
|
0-0: Ball 1-0: Called Strike 1-1: Ground out 4-3 (Groundball, 4, EV 91.2 MPH)
|
| Top of the 5th over - 0 runs, 0 hits, 0 errors, 1 left on base; Minnesota (NYP) 3 - Mahoning Valley 1 |
| BOTTOM OF THE 5TH |
|
Mahoning Valley Scrappers batting - Pitching for Minnesota (NYP) Twins : LHP Bobby Shaw
|
|
Batting: SHB Travis Burnett
|
0-0: Fly out, F4 (Line Drive, 34D, EV 64.4 MPH)
|
|
Batting: RHB Jaquan Brown
|
0-0: Called Strike 0-1: Ball 1-1: Foul Ball, location: 2F 1-2: Fly out, F4 (Popup, 34S, EV 73.8 MPH)
|
|
Batting: RHB Chris Folse
|
0-0: Ground out 5-3 (Groundball, 5, EV 76.9 MPH)
|
| Bottom of the 5th over - 0 runs, 0 hits, 0 errors, 0 left on base; Minnesota (NYP) 3 - Mahoning Valley 1 |
| TOP OF THE 6TH |
|
Minnesota (NYP) Twins batting - Pitching for Mahoning Valley Scrappers : RHP Mike Staley
|
|
Batting: RHB Alexandre Garcia
|
0-0: Called Strike 0-1: Swinging Strike 0-2: Strikes out swinging
|
|
Batting: LHB Jose Hilario
|
0-0: Called Strike 0-1: Foul Ball, location: 2F 0-2: Strikes out swinging
|
|
Batting: RHB Fernando Bravo
|
0-0: Ball 1-0: Foul Ball, location: 2F 1-1: Ball 2-1: Foul Ball, location: 2F 2-2: Fly out, F1 (Line Drive, P, EV 67.5 MPH)
|
| Top of the 6th over - 0 runs, 0 hits, 0 errors, 0 left on base; Minnesota (NYP) 3 - Mahoning Valley 1 |
| BOTTOM OF THE 6TH |
|
Mahoning Valley Scrappers batting - Pitching for Minnesota (NYP) Twins : LHP Bobby Shaw
|
|
Batting: LHB Matt Steinke
|
0-0: Foul Ball, location: 2F 0-1: SINGLE (Line Drive, 56, EV 99.4 MPH)
|
|
Batting: RHB Kevin Wiles
|
0-0: Grounds into double play, 4-6-3 (Groundball, 4, EV 106.2 MPH)
|
|
Batting: RHB Jose Argueta
|
0-0: Ball 1-0: Swinging Strike 1-1: Called Strike 1-2: Ball 2-2: Strikes out swinging
|
| Bottom of the 6th over - 0 runs, 1 hit, 0 errors, 0 left on base; Minnesota (NYP) 3 - Mahoning Valley 1 |
| TOP OF THE 7TH |
|
Minnesota (NYP) Twins batting - Pitching for Mahoning Valley Scrappers : RHP Mike Staley
|
|
Batting: SHB Juan Aguilar
|
0-0: Ball 1-0: Ball 2-0: Foul Ball, location: 2F 2-1: Swinging Strike 2-2: Foul Ball, location: 2F 2-2: Foul Ball, location: 2F 2-2: Foul Ball, location: 2F 2-2: Reached on error, E6 (Groundball, 6, EV 88.1 MPH)
|
|
Batting: RHB Fhil Mikrakin
|
0-0: Ball 1-0: Ball 2-0: Bunt missed! 2-1: Bunted foul 2-2: DOUBLE (Flyball, 89XD, EV 108.1 MPH) Juan Aguilar to third
|
|
Batting: RHB Chris Bejarano
|
0-0: Called Strike 0-1: Ball 1-1: Foul Ball, location: 2F 1-2: Strikes out swinging
|
|
Batting: RHB Steve Raine
|
0-0: Called Strike 0-1: Swinging Strike 0-2: Foul Ball, location: 2F 0-2: Strikes out swinging
|
|
Pitching: LHP Roberto Liza
|
|
|
Batting: LHB Marvin Shepherd
|
0-0: Ball 1-0: Called Strike 1-1: Foul Ball, location: 2F 1-2: Strikes out swinging
|
| Top of the 7th over - 0 runs, 1 hit, 1 error, 2 left on base; Minnesota (NYP) 3 - Mahoning Valley 1 |
| BOTTOM OF THE 7TH |
|
Mahoning Valley Scrappers batting - Pitching for Minnesota (NYP) Twins : LHP Bobby Shaw
|
|
Batting: LHB Dave Key
|
0-0: Ball 1-0: Ground out 4-3 (Groundball, 4, EV 93.1 MPH)
|
|
Batting: LHB Brandon Hopper
|
0-0: SOLO HOME RUN (Flyball, 9D, EV 100.0 MPH), Distance : 379 ft
|
|
Batting: SHB Justin Veatch
|
0-0: Ball 1-0: Ball 2-0: Foul Ball, location: 2F 2-1: SINGLE (Flyball, 8RS, EV 84.4 MPH)
|
|
Batting: SHB Travis Burnett
|
0-0: Ball 1-0: Ball Justin Veatch is caught stealing 2nd base 2-4 2-0: Called Strike 2-1: Ball 3-1: Ground out 1-3 (Groundball, P, EV 71.9 MPH)
|
| Bottom of the 7th over - 1 run, 2 hits, 0 errors, 0 left on base; Minnesota (NYP) 3 - Mahoning Valley 2 |
| TOP OF THE 8TH |
|
Minnesota (NYP) Twins batting - Pitching for Mahoning Valley Scrappers : LHP Roberto Liza
|
|
Batting: LHB Ben Roth
|
0-0: Swinging Strike 0-1: Foul Ball, location: 2F 0-2: Strikes out looking
|
|
Batting: RHB Alexandre Garcia
|
0-0: Ball 1-0: DOUBLE (Line Drive, 7LM, EV 109.4 MPH)
|
|
Batting: LHB Jose Hilario
|
0-0: Ball 1-0: Ball 2-0: Ground out U3 (Groundball, 34, EV 83.8 MPH) Alexandre Garcia to third
|
|
Batting: RHB Fernando Bravo
|
0-0: Ball 1-0: Foul Ball, location: 2F 1-1: Called Strike 1-2: Ground out 4-3 (Groundball, 4, EV 80.6 MPH)
|
| Top of the 8th over - 0 runs, 1 hit, 0 errors, 1 left on base; Minnesota (NYP) 3 - Mahoning Valley 2 |
| BOTTOM OF THE 8TH |
|
Mahoning Valley Scrappers batting - Pitching for Minnesota (NYP) Twins : LHP Bobby Shaw
|
|
Batting: RHB Jaquan Brown
|
0-0: Ball 1-0: SINGLE (Groundball, 4D, EV 106.9 MPH)
|
|
Batting: RHB Chris Folse
|
0-0: Sac Bunt to 15 - play at first, batter OUT! 1-3 Jaquan Brown to second
|
|
Batting: RHB Nick Gossman
|
0-0: Called Strike 0-1: Called Strike 0-2: Ball 1-2: Ground out 6-3 (Groundball, 6, EV 90.0 MPH)
|
|
Pitching: LHP Travis Joyal
|
|
|
Batting: RHB Kevin Wiles
|
0-0: Ball 1-0: Ground out 6-3 (Groundball, 56, EV 85.0 MPH)
|
| Bottom of the 8th over - 0 runs, 1 hit, 0 errors, 1 left on base; Minnesota (NYP) 3 - Mahoning Valley 2 |
| TOP OF THE 9TH |
|
Minnesota (NYP) Twins batting - Pitching for Mahoning Valley Scrappers : LHP Roberto Liza
|
|
Batting: SHB Juan Aguilar
|
0-0: Called Strike 0-1: Ball 1-1: Called Strike 1-2: Strikes out swinging
|
|
Batting: RHB Fhil Mikrakin
|
0-0: Called Strike 0-1: Ball 1-1: Foul Ball, location: 2F 1-2: Strikes out swinging
|
|
Batting: RHB Chris Bejarano
|
0-0: Called Strike 0-1: Ball 1-1: DOUBLE (Flyball, 89D, EV 88.8 MPH)
|
|
Batting: RHB Steve Raine
|
0-0: Called Strike 0-1: Ball 1-1: Swinging Strike 1-2: Foul Ball, location: 2F 1-2: Strikes out looking
|
| Top of the 9th over - 0 runs, 1 hit, 0 errors, 1 left on base; Minnesota (NYP) 3 - Mahoning Valley 2 |
| BOTTOM OF THE 9TH |
|
Mahoning Valley Scrappers batting - Pitching for Minnesota (NYP) Twins : LHP Travis Joyal
|
|
Batting: RHB Jose Argueta
|
0-0: Called Strike 0-1: Ball 1-1: SINGLE (Groundball, 4, EV 93.8 MPH)
|
|
Pinch Hitting: RHB Jason Harris
|
0-0: Called Strike 0-1: Reached on error, E6 (Groundball, 6, EV 83.8 MPH) Jose Argueta to second
|
|
Pinch Hitting: RHB Bill Ortiz
|
0-0: Called Strike 0-1: Ball 1-1: Ground out 6-3 (Groundball, 6D, EV 101.9 MPH) Jose Argueta to third Jason Harris to second
|
|
Batting: SHB Justin Veatch
|
0-0: Called Strike 0-1: Ball 1-1: 3-RUN HOME RUN (Flyball, 9D, EV 101.9 MPH), Distance : 374 ft
|
| Bottom of the 9th over - 3 runs, 2 hits, 1 error, 0 left on base; Minnesota (NYP) 3 - Mahoning Valley 5 |
|